Map: [M] Moondance

Players

HydraulixxD

  • Race: Terran Terran
  • Spawn Location: 12:00

Killermonjas - Winner!

  • Race: Protoss Protoss
  • Spawn Location: 6:00

Event: DreamHack SC2 Masters 2022 Valencia

VOD

Have the link to the VOD?

Description

Time

  • Played on: July 1, 2022, 6:31 a.m.
  • Length: 9:12

All games in this series

Show
View Real Time Build Order
Export as new Build Order

HydraulixxD Terran 

Build Orders:  

Get SALT Encoding   

  12  0:00  SCV  
  13  0:12  SCV  
  14  0:19  Supply Depot  
  14  0:24  SCV  
  15  0:41  SCV  
  15  0:42  Barracks  
  16  0:49  Refinery  
  16  0:54  SCV  
  17  1:05  Barracks  
  17  1:15  SCV  
  18  1:22  Barracks  
  18  1:32  Barracks Tech Lab  
  18  1:36  Orbital Command  
  18  1:54  Concussive Shells  
  18  1:56  Marauder  
  18  1:57  Supply Depot  
  18  1:59  Marine  
  21  2:06  SCV  
  22  2:10  Marine  
  23  2:18  Marine  
  23  2:19  Marauder  
  26  2:27  Marine  
  27  2:36  Marine  
  28  2:39  Marine  
  29  2:47  Marine  
  30  2:57  Factory  
  31  3:00  Marine  
  31  3:02  Bunker  
  31  3:08  Marine  
  31  3:23  Marine  
  31  3:31  Marine x2  
  31  3:41  Marine  
  27  3:49  Marine  
  25  3:56  SCV, Factory Tech Lab  
  25  3:58  Marine  
  26  4:08  SCV  
  22  4:29  Command Center  
  20  4:47  Stimpack  
  20  4:48  Siege Tank  
  21  4:58  Marauder  
  22  5:00  SCV  
  21  5:12  SCV  
  21  5:15  Bunker  
  21  5:20  Marine, Cyclone  
  25  5:24  SCV  
  25  5:27  Refinery  
  26  5:28  Supply Depot  
  26  5:36  SCV  
  26  5:38  Marine  
  28  5:43  Marine  
  29  5:53  Siege Tank  
  23  6:05  Marine x2  
  23  6:06  Marine  
  25  6:14  Orbital Command  
  17  6:45  Marine x3  
  15  7:03  Marine x3  
  15  7:11  SCV  
  16  7:31  Marine x3  
  16  7:33  SCV x2  
  21  7:49  Marine x3  
  24  7:55  SCV x2  
  26  8:07  Marine x3  
  29  8:24  Marine  
  29  8:25  Marine x2  
  32  8:42  Marine x2  
  32  8:43  Marine  
Show
View Real Time Build Order
Export as new Build Order

Killermonjas Protoss - Winner!

Build Orders: 1 Gate Expand 

Get SALT Encoding   

  12  0:00  Probe  
  13  0:12  Probe  
  14  0:18  Pylon  
  14  0:24  Probe (Chrono Boost)  
  15  0:36  Gateway  
  15  0:37  Probe (Chrono Boost)  
  15  0:42  Probe (Chrono Boost)  
  16  0:45  Assimilator  
  17  0:54  Probe  
  18  1:06  Probe  
  19  1:27  Nexus  
  19  1:34  Cybernetics Core  
  19  1:37  Probe  
  20  1:40  Assimilator  
  20  1:49  Probe  
  21  1:55  Pylon  
  21  2:01  Probe  
  22  2:10  Stalker (Chrono Boost)  
  22  2:11  Warp Gate  
  24  2:18  Probe  
  25  2:36  Robotics Facility  
  24  2:49  Shield Battery x2  
  24  2:50  Adept (Chrono Boost)  
  26  3:00  Pylon  
  26  3:12  Stalker, Pylon  
  28  3:23  Immortal (Chrono Boost)  
  24  4:00  Stalker  
  26  4:03  Immortal (Chrono Boost)  
  26  4:07  Gateway  
  28  4:24  Stalker  
  24  4:36  Gateway  
  24  4:41  Warp Prism (Chrono Boost)  
  26  4:49  Probe  
  27  5:07  Probe  
  27  5:12  Stalker  
  27  5:13  Stalker  
  32  5:17  Observer  
  33  5:38  Adept x3  
  29  6:08  Probe  
  30  6:17  Adept x3  
  32  6:34  Nexus  
  32  6:35  Probe  
  33  6:45  Twilight Council  
  33  6:56  Observer  
  31  7:07  Probe (Chrono Boost)  
  24  7:09  Immortal  
  28  7:16  Pylon  
  28  7:18  Charge (Chrono Boost)  
  28  7:19  Probe (Chrono Boost)  
  29  7:23  Sentry  
  29  7:24  Probe (Chrono Boost)  
  29  7:25  Zealot  
  34  7:34  Shield Battery  
  34  7:36  Probe (Chrono Boost)  
  35  7:46  Probe (Chrono Boost)  
  35  7:49  Probe (Chrono Boost)  
  35  7:51  Probe (Chrono Boost)  
  38  7:59  Probe  
  38  8:00  Gateway  
  38  8:02  Probe  
  40  8:06  Zealot  
  40  8:07  Sentry  
  40  8:12  Probe  
  45  8:14  Probe  
  45  8:19  Gateway  
  46  8:23  Shield Battery  
  46  8:24  Probe  
  46  8:26  Pylon  
  47  8:29  Sentry  
  49  8:34  Zealot  
  49  8:39  Zealot  
  51  8:56  Zealot  
  51  8:57  Zealot x2  

Tags
 
Add a new tag
Caveats
  • Supply blocks, unpowered buildings, or Contaminate may cause inaccurate times.
  • Supply counts are checked every 10 seconds.